 Dungeon Crawl Stone Soup version 0.30-a0-778-g2ef04afb54 (webtiles) character file.

Game seed: 12063390654015244621

73411 Newt the Markskobold (level 15, -9/90 HPs)
             Began as a Kobold Hunter on Feb 15, 2023.
             Was the Champion of Hepliaklqana.
             Killed from afar by a shock serpent (24 damage)
             ... with a bolt of electricity
             ... on level 2 of the Snake Pit.
             The game lasted 00:24:07 (22079 turns).

Newt the Markskobold (Kobold Hunter)               Turns: 22079, Time: 00:24:07

Health: -9/90      AC: 19    Str:  3    XL:     15   Next: 90%
Magic:  24/24      EV: 25    Int: 19    God:    Hepliaklqana [******]
Gold:   3389       SH:  5    Dex: 25    Spells: 26/26 levels left

rFire   . . .      SeeInvis .    v - +9 shortbow "Arbiter" {elec, rC+ Str-5 Int+7}
rCold   + . .      Faith    .    (shield currently unavailable)
rNeg    + . .      Spirit   .    Q - +4 troll leather armour
rPois   +          Reflect  +    l - +2 helmet
rElec   .          Harm     .    j - +1 cloak
rCorr   .          Rampage  .    Z - +0 pair of gloves
Will    +....      Clarity  +    h - +2 pair of boots
Stlth   +++                      i - amulet of reflection
HPRegen 1.15/turn                T - ring of positive energy
MPRegen 0.19/turn                c - ring of poison resistance

@: studying Transmutations
A: reduced essence, small, no large weapons, nightstalker 3, clarity
a: Renounce Religion, Recall Ancestor, Ancestor Identity, Transference, Idealise


You were on level 2 of the Snake Pit.
You worshipped Hepliaklqana.
Hepliaklqana was exalted by your worship.
You visited 5 branches of the dungeon, and saw 21 of its levels.
You also visited: Bailey and Ice Cave.

You collected 4018 gold pieces.
You spent 629 gold pieces at shops.

Inventory:

Hand Weapons
 a - a +6 shortbow
 v - the +9 shortbow "Arbiter" (weapon) {elec, rC+ Str-5 Int+7}
   (You acquired it on level 8 of the Dungeon)

   Str:       It affects your strength (-5).
   Int:       It affects your intelligence (+7).
   rC:        It protects you from cold.
Armour
 g - +0 ice dragon scales
 h - a +2 pair of boots (worn)
 j - a +1 cloak (worn)
 l - a +2 helmet (worn)
 Q - a +4 troll leather armour (worn)
 Z - a +0 pair of gloves (worn)
Jewellery
 c - a ring of poison resistance (right hand)
 i - an amulet of reflection (around neck)
 M - a +6 ring of intelligence
 T - a ring of positive energy (left hand)
 V - a ring of protection from cold
Wands
 q - a wand of flame (45)
 t - a wand of roots (7)
 z - a wand of quicksilver (11)
 K - a wand of polymorph (10)
 P - a wand of charming (3)
 X - a wand of digging (4)
Scrolls
 b - 7 scrolls of immolation
 e - 3 scrolls of magic mapping
 f - a scroll of identify
 k - 4 scrolls of amnesia
 s - 7 scrolls of teleportation
 y - 3 scrolls of fear
 C - 3 scrolls of silence
 D - 2 scrolls of enchant weapon
 E - 2 scrolls of blinking
 R - 2 scrolls of summoning
Potions
 d - 3 potions of brilliance
 m - a potion of lignification
 n - a potion of ambrosia
 o - 3 potions of haste
 r - 4 potions of curing
 u - 2 potions of magic
 x - 5 potions of might
 B - a potion of resistance
 F - 6 potions of flight
 H - 2 potions of mutation
 I - 3 potions of invisibility
 J - 2 potions of cancellation
 L - 7 potions of heal wounds
 O - 2 potions of berserk rage
Miscellaneous
 S - a condenser vane
 W - a lightning rod (4/4)


   Skills:
 - Level 14.0 Fighting
 - Level 16.0 Ranged Weapons
 - Level 8.0 Armour
 - Level 14.0 Dodging
 - Level 1.3 Stealth
 - Level 6.0 Spellcasting
 - Level 5.0 Transmutations
 - Level 9.2 Invocations
 + Level 12.3 Evocations


You had 26 spell levels left.
You didn't know any spells.
Your spell library contained the following spells:

 Spells                   Type           Power      Damage    Failure   Level
 Passwall                 Tmut/Erth      12%        N/A       11%         2
 Apportation              Tloc           10%        N/A       19%         1
 Necrotise                Necr           20%        1d5       19%         1
 Sandblast                Erth           10%        2d5       19%         1
 Summon Small Mammal      Summ           20%        N/A       19%         1
 Ignite Poison            Fire/Tmut/Pois 12%        N/A       30%         3
 Call Canine Familiar     Summ           5%         N/A       50%         3
 Stone Arrow              Conj/Erth      10%        3d7       50%         3
 Summon Guardian Golem    Hex/Summ       5%         N/A       50%         3
 Animate Dead             Necr           5%         N/A       88%         4
 Cause Fear               Hex            2%         N/A       88%         4
 Olgreb's Toxic Radiance  Pois           5%         N/A       88%         4
 Sticky Flame             Conj/Fire      5%         2d3       88%         4
 Summon Lightning Spire   Summ/Air       5%         N/A       88%         4
 Dragon Form              Tmut           12%        N/A       100%        7
 Haunt                    Necr/Summ      2%         N/A       100%        7
 Ozocubu's Refrigeration  Ice            2%         4d8       100%        7
 Storm Form               Tmut/Air       7%         N/A       100%        7
 Ignition                 Fire           2%         3d3       100%        8
 Infestation              Necr           2%         N/A       100%        8
 Maxwell's Capacitive Co  Air            2%         ∞         100%        8
 Dragon's Call            Summ           2%         N/A       100%        9


Dungeon Overview and Level Annotations

Branches:
Dungeon (11/15)            Temple (1/1) D:4            Lair (5/5) D:10
 Shoals (0/4) Lair:2        Snake (2/4) Lair:2        Slime (0/5) Lair:5
    Orc (2/2) D:11            Elf (0/3) Orc:2        Bailey (visited)
  IceCv (visited)

Altars:
Ashenzari
Cheibriados
Dithmenos
Elyvilon
Fedhas
Gozag
Hepliaklqana
Kikubaaqudgha
Makhleb
Nemelex Xobeh
Okawaru
Qazlal
Ru
Sif Muna
Trog
Uskayaw
Vehumet
Wu Jian
Xom
Yredelemnul
Zin
The Shining One
Jiyva

Shops:
D:4 (   Orc:1 *   Orc:2 *(=?   Snake:1 ?(

Annotations:
D:7 1 runed translucent door, TheSexyCheese's ghost, novice BaFi


Innate Abilities, Weirdness & Mutations

Your life essence is reduced to manifest your ancestor. (-10% HP)
You are small and have problems with some larger weapons.
You are completely attuned to the shadows.
You possess an exceptional clarity of mind.


Message History

Mirna hits the naga with a +0 broad axe of flaming.
Mirna burns the naga.
Mirna hits the shock serpent with a +0 broad axe of flaming.
Mirna burns the shock serpent.
A naga warrior comes into view. It is wielding a +0 glaive.
The naga spits poison at you. The splash of poison hits you. You resist.
The salamander completely misses you.
A black mamba comes into view.
The naga warrior barely misses you. The naga warrior constricts you.
* * * LOW HITPOINT WARNING * * *
The black mamba hisses angrily.
Fire: v) +9 shortbow "Arbiter" {elec, rC+ Str-5 Int+7}
Press: ? - help, Shift-Dir - straight line, f/p - shock serpent
Aim: a shock serpent (lightly wounded, 70% to hit)
You shoot an arrow. The arrow hits the shock serpent!
The shock serpent is moderately wounded.
The shock serpent's electric aura discharges, shocking you!
* * * LOW HITPOINT WARNING * * *
You hear an angry hiss.
The shock serpent closely misses you.
The guardian serpent coils itself and waves its upper body at you.
You resist with some effort.
Mirna hits the naga warrior with a +0 broad axe of flaming.
Mirna burns the naga warrior.
Mirna hits the shock serpent with a +0 broad axe of flaming!
Mirna burns the shock serpent.
Mirna hits the naga but does no damage.
The shock serpent's electric aura discharges, shocking Mirna!
A mana viper comes into view.
Blink to where?
Press: ? - help, Dir - move target, p - shock serpent You escape the naga warrior's grasp.
As you read the scroll of blinking, it crumbles to dust.
Something hits Mirna!
The naga warrior spits poison at you.
The splash of poison hits you but does no damage.
You resist.
Something hits Mirna!
The shock serpent shoots out a bolt of lightning at you!
The bolt of electricity hits you!!
You die...

#...##.....
#...........
........... ..
......#.# ....
#......###...#
#..####.#.....
#.#.........##...
###.R##.##...##....
...##R#####@......#
#...R.).#......N..#
....†.†....#.S.#..#
.....##.....##†#...
....## #...# #SR?#
.... #.....NN##
###.....N.
...##.##S ... ##


You could see the friendly Mirna the knight, a naga warrior (catching breath), a
shock serpent (ally target) and a guardian serpent.

Vanquished Creatures
  Harold (D:10)
  2 boulder beetles
  2 anacondas (Snake:1)
  A catoblepas (Lair:5)
  A naga warrior (Snake:1)
  5 two-headed ogres
  3 death yaks (Lair:5)
  4 naga sharpshooters (Snake:1)
  2 orc high priests
  A shock serpent (Snake:1)
  A bog body (IceCv)
  2 orc knights
  A harpy (Lair:2)
  3 mana vipers
  5 orc sorcerers
  2 manticores (Lair:5)
  A salamander (Snake:1)
  An oklob plant (Lair:4)
  13 elephants
  A guardian serpent (Snake:2)
  3 black mambas
  A naga mage (Snake:2)
  An ice statue (IceCv)
  10 cane toads
  3 komodo dragons
  3 rime drakes
  An ice devil (IceCv)
  An anaconda simulacrum (IceCv)
  A polar bear (Lair:5)
  4 trolls
  2 hornets
  14 blink frogs
  5 dream sheep
  Sigmund (D:4)
  2 shadows
  2 wyverns
  38 yaks
  3 death yak simulacra (IceCv)
  5 basilisks
  Grum (Lair:1)
  4 vampire mosquitoes (D:10)
  8 nagas
  Menkaure (D:7)
  A harpy simulacrum (IceCv)
  7 water moccasins
  25 orc warriors
  A black bear (D:7)
  2 ice beasts
  An ogre (D:5)
  A sky beast (D:8)
  14 wolves
  6 centaurs
  A kobold brigand (D:9)
  7 bullfrogs
  A necrophage (D:5)
  3 scorpions
  4 two-headed ogre simulacra (IceCv)
  9 killer bees
  2 oklob saplings (D:9)
  5 elephant simulacra (IceCv)
  2 howler monkeys (D:9)
  5 electric eels
  A hound (D:5)
  3 gnoll boudas
  5 iguanas
  22 orc priests
  A knight (D:9)
  30 orc wizards
  2 troll simulacra (IceCv)
  A polar bear simulacrum (IceCv)
  5 spriggan simulacra (IceCv)
  2 wolf simulacra (IceCv)
  12 gnolls
  12 adders
  6 naga simulacra (IceCv)
  6 shadow imps
  9 white imps
  8 ufetubi
  2 worms
  6 dart slugs
  45 orcs
  7 bats
  6 endoplasms
  3 giant cockroaches
  9 goblins
  7 hobgoblins
  3 jackals (D:9)
  29 kobolds
  6 quokkas
  11 ball pythons
  3 frilled lizards
  5 rats
530 creatures vanquished.

Vanquished Creatures (collateral kills)
  An orc warlord (Bailey)
  Snorg (Orc:1)
  2 hydras
  3 catoblepae
  A naga warrior (Snake:1)
  2 death yaks (Lair:5)
  A bog body (IceCv)
  A lindwurm (Lair:1)
  An orc sorcerer (Orc:2)
  An ugly thing (IceCv)
  2 mana vipers (Snake:1)
  2 elephants (Lair:3)
  3 black mambas
  2 torpor snails
  3 cane toads (Lair:4)
  A komodo dragon (Lair:5)
  2 trolls
  4 blink frogs
  5 dream sheep
  A polar bear (Lair:1)
  A basilisk (Lair:5)
  15 yaks
  5 nagas
  3 water moccasins
  8 orc warriors
  4 wolves
  A centaur (D:11)
  A kobold brigand (D:9)
  A two-headed ogre simulacrum (IceCv)
  A cane toad simulacrum (IceCv)
  5 killer bees
  A hound (D:6)
  8 orc priests
  12 orc wizards
  A spriggan simulacrum (IceCv)
  2 gnolls (D:7)
  13 orcs
  A ball python (D:9)
  A kobold (D:9)
123 creatures vanquished.

Vanquished Creatures (others)
  An orc priest (Orc:2)
  7 knights
  3 ancestors
  A bush (D:10)
  21 fungi
  66 plants
99 creatures vanquished.

Grand Total: 752 creatures vanquished

Notes
Turn   | Place    | Note
-------+----------+-------------------------------------------
     0 | D:1      | Newt the Kobold Hunter began the quest for the Orb.
     0 | D:1      | Reached XP level 1. HP: 12/12 MP: 1/1
   241 | D:1      | Reached XP level 2. HP: 18/18 MP: 2/2
   404 | D:1      | Reached XP level 3. HP: 7/24 MP: 3/3
  1342 | D:2      | Found a hide-covered altar of Uskayaw.
  1716 | D:2      | You fall into a shaft and drop 1 floor!
  1824 | D:2      | Reached XP level 4. HP: 30/30 MP: 4/4
  2042 | D:2      | Reached skill level 5 in Fighting
  2355 | D:2      | Found a faded altar of an unknown god.
  2657 | D:3      | Found a transporter.
  2772 | D:3      | Found a transporter.
  2983 | D:3      | Reached XP level 5. HP: 35/35 MP: 5/5
  3128 | D:3      | Found a large runed translucent door.
  3128 | D:3      | Found a large runed translucent door.
  3391 | D:3      | Found an ancient bone altar of Kikubaaqudgha.
  3397 | D:3      | Found a hide-covered altar of Uskayaw.
  3400 | D:3      | Identified the +1 ring mail "Qieroe Uluim" {rElec}
  3473 | D:3      | Reached skill level 6 in Ranged Weapons
  4357 | D:4      | Found a staircase to the Ecumenical Temple.
  4375 | Temple   | Entered the Ecumenical Temple
  4497 | Temple   | Became a worshipper of Hepliaklqana the Forgotten
  4626 | D:4      | Found Firch's Weapon Shoppe.
  4773 | D:4      | Noticed Sigmund
  4779 | D:4      | Killed Sigmund
  4780 | D:4      | Reached skill level 8 in Ranged Weapons
  4780 | D:4      | Reached XP level 6. HP: 30/40 MP: 6/6
  5222 | D:5      | Entered Level 5 of the Dungeon
  5322 | D:5      | Reached XP level 7. HP: 44/44 MP: 7/7
  5424 | D:5      | Reached skill level 9 in Ranged Weapons
  5571 | D:5      | Reached skill level 10 in Ranged Weapons
  5981 | D:5      | Reached * piety under Hepliaklqana
  6006 | D:6      | Noticed a water elemental
  6009 | D:6      | Found a stormy altar of Qazlal.
  6012 | D:6      | Noticed an air elemental
  6012 | D:6      | Noticed a fire elemental
  6164 | D:6      | Reached XP level 8. HP: 44/44 MP: 8/8
  6461 | D:6      | Reached skill level 5 in Dodging
  7109 | D:7      | Noticed Menkaure
  7112 | D:7      | Killed Menkaure
  7241 | D:7      | Reached skill level 1 in Invocations
  7260 | D:7      | Reached XP level 9. HP: 48/48 MP: 9/11
  7410 | D:7      | Found a runed translucent door.
  7411 | D:7      | Found a shimmering altar of Xom.
  7411 | D:7      | Noticed TheSexyCheese's ghost (novice BaFi)
  7412 | D:7      | Noticed a +2 trident of chaos
  7466 | D:7      | Noticed a hornet
  7480 | D:7      | Killed a hornet
  7618 | D:7      | Noticed a two-headed ogre
  7625 | D:7      | Killed a two-headed ogre
  7626 | D:7      | Reached skill level 5 in Invocations
  7934 | D:7      | Noticed a two-headed ogre
  7941 | D:7      | Killed a two-headed ogre
  7942 | D:7      | Reached XP level 10. HP: 43/57 MP: 13/13
  8268 | D:8      | Identified a scroll of acquirement
  8268 | D:8      | Acquired the +9 shortbow "Arbiter" {elec, rC+ Str-5 Int+7}
  8272 | D:8      | Reached ** piety under Hepliaklqana
  8273 | D:8      | Remembered your ancestor Mirna as a knight
  8910 | D:8      | Reached skill level 11 in Ranged Weapons
  8941 | D:8      | Found an opulent altar of Gozag.
  9170 | D:9      | Found a flagged portal.
  9184 | D:9      | Noticed a two-headed ogre
  9188 | D:9      | Killed a two-headed ogre
  9189 | D:9      | Reached skill level 12 in Ranged Weapons
  9190 | Bailey   | Entered a bailey
  9237 | Bailey   | Noticed an orc warlord
  9259 | Bailey   | Noticed an orc knight
  9274 | Bailey   | Killed an orc knight
  9275 | Bailey   | Reached skill level 13 in Ranged Weapons
  9359 | Bailey   | Found a runed translucent gate.
  9359 | Bailey   | Found a runed translucent gate.
  9383 | Bailey   | Found a runed translucent gate.
  9505 | Bailey   | Killed an orc warlord
  9506 | Bailey   | Reached skill level 14 in Ranged Weapons
  9506 | Bailey   | Reached XP level 11. HP: 32/61 MP: 14/14
  9520 | Bailey   | Acquired 1218 gold pieces
  9522 | Bailey   | Acquired 703 gold pieces
  9713 | D:9      | Reached skill level 15 in Ranged Weapons
 10156 | D:9      | Reached skill level 16 in Ranged Weapons
 10228 | D:9      | Found a bloodstained altar of Trog.
 10536 | D:9      | Reached *** piety under Hepliaklqana
 10898 | D:10     | Entered Level 10 of the Dungeon
 11000 | D:10     | Acquired a manual of Transmutations
 11065 | D:10     | Noticed Harold
 11073 | D:10     | Killed Harold
 11138 | D:10     | Reached skill level 10 in Dodging
 11345 | D:10     | Reached skill level 1 in Spellcasting
 11445 | D:10     | Reached XP level 12. HP: 20/65 MP: 17/17
 11690 | D:10     | Noticed a two-headed ogre
 11696 | D:10     | Killed a two-headed ogre
 11697 | D:10     | Reached skill level 5 in Spellcasting
 11720 | D:10     | Found a staircase to the Lair.
 11863 | D:10     | Noticed a two-headed ogre
 11869 | D:10     | Killed a two-headed ogre
 11870 | D:10     | Reached skill level 1 in Transmutations
 11877 | D:10     | Found a radiant altar of Vehumet.
 12393 | D:11     | Reached skill level 5 in Transmutations
 12514 | D:11     | Reached **** piety under Hepliaklqana
 12595 | D:11     | Reached skill level 5 in Evocations
 12667 | D:11     | Found a staircase to the Orcish Mines.
 12868 | Orc:1    | Entered Level 1 of the Orcish Mines
 12904 | Orc:1    | Noticed an orc high priest
 12916 | Orc:1    | Killed an orc high priest
 13162 | Orc:1    | Noticed Snorg
 13170 | Orc:1    | Killed Snorg
 13249 | Orc:1    | Found Zifohac's General Store.
 13253 | Orc:1    | Bought a scroll of blinking for 90 gold pieces
 13253 | Orc:1    | Bought a scroll of noise for 12 gold pieces
 13253 | Orc:1    | Bought a scroll of identify for 24 gold pieces
 13433 | Orc:2    | Entered Level 2 of the Orcish Mines
 13741 | Orc:2    | Found a staircase to the Elven Halls.
 13868 | Orc:2    | Noticed an orc high priest
 13871 | Orc:2    | Killed an orc high priest
 13872 | Orc:2    | Reached XP level 13. HP: 70/70 MP: 22/22
 13928 | Orc:2    | Reached skill level 5 in Armour
 13983 | Orc:2    | Found Volloky's General Store.
 13984 | Orc:2    | Found Foirhaxt's Weapon Emporium.
 13986 | Orc:2    | Found Ushruc Ecre's Magic Scroll Shoppe.
 13986 | Orc:2    | Found Vyppizual's Jewellery Shoppe.
 13989 | Orc:2    | Bought a potion of mutation for 128 gold pieces
 13991 | Orc:2    | Bought a scroll of silence for 114 gold pieces
 13991 | Orc:2    | Bought a scroll of summoning for 114 gold pieces
 14216 | Orc:2    | Gained mutation: You possess an exceptional clarity of
                  | mind. [potion of mutation]
 14945 | Lair:1   | Entered Level 1 of the Lair of Beasts
 14978 | Lair:1   | Found a frozen archway.
 14989 | IceCv    | Entered an ice cave
 15546 | IceCv    | Found the +2 Maxwell's thermic engine {flame, freeze}
 16166 | Lair:1   | Noticed Grum
 16173 | Lair:1   | Killed Grum
 16262 | Lair:1   | Reached ***** piety under Hepliaklqana
 16688 | Lair:2   | Found an ancient bone altar of Kikubaaqudgha.
 16711 | Lair:2   | Found a staircase to the Snake Pit.
 16768 | Lair:2   | Noticed a catoblepas
 16776 | Lair:2   | Killed a catoblepas
 16845 | Lair:2   | Reached XP level 14. HP: 75/75 MP: 23/23
 16899 | Lair:2   | Found a staircase to the Shoals.
 19133 | Lair:4   | Reached skill level 10 in Fighting
 19434 | Lair:4   | Reached ****** piety under Hepliaklqana
 19736 | Lair:5   | Entered Level 5 of the Lair of Beasts
 20006 | Lair:5   | Reached XP level 15. HP: 87/87 MP: 24/24
 20782 | Lair:5   | Found a viscous altar of Jiyva.
 20783 | Lair:5   | Found a staircase to the Slime Pits.
 21163 | Snake:1  | Entered Level 1 of the Snake Pit
 21187 | Snake:1  | Reached skill level 10 in Evocations
 21693 | Snake:1  | Found Qouruh's Magic Scroll Shoppe.
 21698 | Snake:1  | Bought a scroll of teleportation for 42 gold pieces
 21698 | Snake:1  | Bought a scroll of enchant armour for 105 gold pieces
 21700 | Snake:1  | Found Yhau's Weapon Emporium.
 22079 | Snake:2  | Killed from afar by a shock serpent

Illustrated notes

Levels and vault maps discovered:
D:1:      ncdulo_smallfort, layout_loops_corners, hex_medium,
          minmay_misc_feat_more_columns, minmay_surrounded
D:2:      layout_basic, shapermc_ecumenical_altar_starsandcircs, basic_altar
D:3:      gammafunk_wand_slinger, layout_basic, jmf_multi_god_temple2,
          minmay_misc_feat_enclosed, serial_park_tiny_1
D:4:      layout_gridville, temple_statues, serial_shops, nicolae_shop_stone,
          uniq_sigmund
D:5:      layout_loops_ring
D:6:      layout_loops_corners, nicolae_qazlal_style_of_elements
D:7:      layout_loops_ring, ebering_ghost_xom, uniq_menkaure
D:8:      layout_cave_pools, lemuel_coloured_pillars_altar
D:9:      layout_cave_pools, mainiacjoe_overflow_alcove_2, enter_bailey_2,
          minmay_stone_trees_medium, kennysheep_flooded_box,
          introduction_to_nature_2
D:10:     layout_roguey, amcnicky_altar_gilded, minmay_lair_entry_grove,
          corexii_mini_fake_secret_closet, uniq_harold
D:11:     layout_gridville, erik_orc_2
Temple:   minmay_temple_bridge_d
Lair:1:   layout_chaotic_city, nicolae_volcano_entry_vermiform,
          portal_ice_cave_rime, uniq_grum
Lair:2:   layout_loops_ring, nicolae_shoals_entry_roost,
          guppyfry_snake_entry_garden, basic_altar, serial_bayou_crossing,
          grunt_megastairs_5
Lair:3:   layout_layer_cave, serial_bayou_pond_e, nicolae_lair_grazing_beasts
          [nicolae_sub_lair_graze_edge, nicolae_sub_lair_graze_edge,
          nicolae_sub_lair_graze_edge, nicolae_sub_lair_graze_edge]
Lair:4:   layout_cave_pods, minmay_lair_oklob_bushes, grunt_megastairs_3
Lair:5:   evilmike_catoblepas_cave, layout_cave_pods, slime_entry_1, st_stairs_6
Snake:1:  layout_rooms, minmay_shoptagon, serial_bayou_shore_b
Snake:2:  layout_onion_interference, serial_shops, shop, serial_bayou_shore_b,
          grunt_megastairs_2, lemuel_fruit_tree
Orc:1:    layout_caves, serial_shops, nicolae_shop_advertising_works
          [nicolae_subvault_shop_adworks], uniq_snorg
Orc:2:    st_orc_mages, layout_diamond_mine

Skill      XL: |  1  2  3  4  5  6  7  8  9 10 11 12 13 14 15 |
---------------+----------------------------------------------+-----
Fighting       | 3 4 5 8 12 14 | 14.0
Ranged Weapons | 8 10 14 16 | 16.0
Dodging        | 4 7 10 12 14 | 14.0
Evocations     | 4 7 12 | 12.3
Invocations    | 3 5 8 9 |  9.2
Armour         | 2 4 8 |  8.0
Spellcasting   | 3 6 |  6.0
Transmutations | 5 |  5.0
Stealth        | |  1.3

Action                     |  1- 3 |  4- 6 |  7- 9 | 10-12 | 13-15 || total
---------------------------+-------+-------+-------+-------+-------++-------
  Melee: Shortbow          |       |       |       |     5 |       ||     5
   Fire: Shortbow          |    79 |   111 |   170 |   511 |   943 ||  1814
 Invoke: Ancestor Life: Kn |       |       |       |     1 |       ||     1
         Idealise          |       |       |       |       |     2 ||     2
  Evoke: Wand              |       |       |       |     2 |       ||     2
    Use: Scroll            |     3 |     7 |     6 |    13 |     6 ||    35
         Potion            |       |       |     3 |     6 |     2 ||    11
 Armour: Leather armour    |     2 |     6 |       |       |       ||     8
         Ring mail         |       |     2 |    17 |    51 |       ||    70
         Troll leather arm |       |       |       |     8 |   107 ||   115
  Dodge: Dodged            |    26 |    17 |    42 |   181 |   315 ||   581
  Block: Other             |       |     6 |    21 |    41 |    78 ||   146
         Reflection        |       |       |       |     5 |     5 ||    10

Table legend: (Time is in decaauts)
 A = Elapsed time spent in this place.
 B = Non-inter-level travel time spent in this place.
 C = Inter-level travel time spent in this place.
 D = Time resting spent in this place.
 E = Time spent auto-exploring this place.
 F = Levels seen in this place.
 G = Mean time per level.
                   A        B        C        D        E       F      G
               +--------+--------+--------+--------+--------+-----+--------+
         Total |  21879 |  20860 |   1019 |   2024 |  16036 |  23 |  951.3 |
       Dungeon |  12356 |  11761 |    595 |   1685 |   8806 |  11 | 1123.3 |
        Temple |    193 |    122 |     71 |      0 |    110 |   1 |  193.0 |
          Lair |   5383 |   5250 |    133 |     48 |   4404 |   5 | 1076.6 |
     Snake Pit |    892 |    889 |      3 |    200 |    563 |   2 |  446.0 |
  Orcish Mines |   1947 |   1732 |    215 |     62 |   1422 |   2 |  973.5 |
        Bailey |    424 |    424 |      0 |      0 |    307 |   1 |  424.0 |
      Ice Cave |    681 |    681 |      0 |     29 |    422 |   1 |  681.0 |
               +--------+--------+--------+--------+--------+-----+--------+

Top non-repeatable levels by time:
     D:3: 1721 daAuts
     D:1: 1355 daAuts
   Orc:2: 1351 daAuts
  Lair:3: 1347 daAuts
     D:9: 1332 daAuts
  Lair:5: 1324 daAuts
     D:7: 1273 daAuts
    D:10: 1055 daAuts
     D:4: 1016 daAuts
     D:2: 990 daAuts
     D:6: 988 daAuts
  Lair:4: 967 daAuts
    D:11: 957 daAuts
  Lair:1: 902 daAuts
     D:8: 881 daAuts
